 Dungeon Crawl Stone Soup version 0.26.1-2-gb8aa6d0cf2 (webtiles) character file.

Game seed: 5199173316811618366

17 Kaiern the Sneak (level 2, 0/16 HPs)
             Began as a Kobold Enchanter on Feb 21, 2021.
             Slain by a gnoll
             ... wielding a +0 whip
              (4 damage)
             ... on level 1 of the Dungeon.
             The game lasted 00:03:28 (736 turns).

Kaiern the Sneak (Kobold Enchanter)                  Turns: 736, Time: 00:03:29

Health: 0/16       AC:  2    Str:  5    XL:     2   Next: 80%
Magic:  5/5        EV: 15    Int: 16    God:
Gold:   54         SH:  0    Dex: 15    Spells: 2/5 levels left

rFire    . . .     SeeInvis .   a - +1 dagger
rCold    . . .     Faith    .   (shield restricted)
rNeg     . . .     Spirit   .   b - +0 robe
rPois    .         Reflect  .   (no helmet)
rElec    .         Harm     .   (no cloak)
rCorr    .         Rampage  .   (no gloves)
Will     .....                  (no boots)
Stlth    ++++......             (no amulet)
HPRegen  0.05/turn              (no ring)
MPRegen  0.09/turn              (no ring)

@: no status effects
A: small, nightstalker 3
a: no special abilities


You were on level 1 of the Dungeon.
You visited 1 branch of the dungeon, and saw 1 of its levels.

You collected 54 gold pieces.

Inventory:

Hand Weapons
 a - a +1 dagger (weapon)
Missiles
 i - 3 atropa-tipped darts (quivered)
Armour
 b - a +0 robe (worn)
Scrolls
 g - a scroll of random uselessness {unknown}
 h - a scroll of remove curse {unknown}
Potions
 c - a potion of lignification {unknown}
 d - 2 potions of ambrosia {unknown}
 e - a potion of haste {unknown}
 f - a potion of curing {unknown}


   Skills:
 + Level 0.8 Fighting
 + Level 1.9 Short Blades
 - Level 2.4 Dodging
 + Level 4.3 Stealth
 + Level 2.4 Spellcasting
 + Level 3.1 Hexes


You had 2 spell levels left.
You knew the following spells:

 Your Spells              Type           Power        Failure   Level
a - Corona                Hex            13%          5%          1
b - Ensorcelled Hibernat  Hex/Ice        14%          16%         2

Your spell library contained the following spells:

 Spells                   Type           Power        Failure   Level
 Confusing Touch          Hex            12%          16%         3
 Tukima's Dance           Hex            12%          16%         3
 Dazzling Flash           Conj/Hex       14%          30%         3


Dungeon Overview and Level Annotations

Branches:
Dungeon (1/15)

Altars:


Innate Abilities, Weirdness & Mutations

You are small and have problems with some larger weapons.
You are completely attuned to the shadows.


Message History

* * * LOW HITPOINT WARNING * * *
Throw: 6 darts (atropa)
Press: ? - help, Q - select action, (/) - cycle Shift-Dir - straight line, f/p - gnoll
Aim: a gnoll, wielding a +0 whip (61% to hit, chance to blind on hit: 100%)
You throw an atropa-tipped dart.
The atropa-tipped dart closely misses the gnoll.
The gnoll misses you.
Throw: 5 darts (atropa)
Press: ? - help, Q - select action, (/) - cycle Shift-Dir - straight line, f/p - gnoll
Aim: a gnoll, wielding a +0 whip (61% to hit, chance to blind on hit: 100%)
You throw an atropa-tipped dart.
The atropa-tipped dart closely misses the gnoll.
The gnoll barely misses you.
Throw: 4 darts (atropa)
Press: ? - help, Q - select action, (/) - cycle Shift-Dir - straight line, f/p - gnoll
Aim: a gnoll, wielding a +0 whip (61% to hit, chance to blind on hit: 100%)
You throw an atropa-tipped dart.
The atropa-tipped dart completely misses the gnoll.
The gnoll hits you with a +0 whip.
You die...

...#####......#
##..##รท###.# ...
#.......# ##...####.### ..
........... #####.....>#
###...)...### #.###.#.#
##......# #.# #.#.#
##......# #.###.#.#
(.......### #..##.#.###
........(g#####
#.....#....
.(.....##.@....
##.##.#####
.......####.... #......#
.......# #... #.##)#.#
........# #.. #....#.###
.?.h..?... #. #.#.......
$.............##
#....#.###
#...?..........#..#....#.#
#............8.#..#....#.#
........#
#....#..#.#..#.###


You could see a gnoll.

Vanquished Creatures
  A dart slug (D:1)
  2 bats (D:1)
  A giant cockroach (D:1)
  2 goblins (D:1)
  2 hobgoblins (D:1)
  2 jackals (D:1)
  4 frilled lizards (D:1)
14 creatures vanquished.

Notes
Turn   | Place    | Note
-------+----------+-------------------------------------------
     0 | D:1      | Kaiern the Kobold Enchanter began the quest for the Orb.
     0 | D:1      | Reached XP level 1. HP: 10/10 MP: 3/3
   485 | D:1      | Reached XP level 2. HP: 16/16 MP: 5/5
   622 | D:1      | Learned a level 2 spell: Ensorcelled Hibernation
   736 | D:1      | Slain by a gnoll

Illustrated notes

Levels and vault maps discovered:
D:1:      giann_horns, layout_basic, minivault_14, kennysheep_minor_cross,
          grunt_decor_cap, wander_ebering_terrifying_dragon_lair

Action                   || total
-------------------------++-------
Melee: Dagger            ||    34
Throw: Dart              ||     5
 Cast: Corona            ||     1
 Stab: Sleeping          ||     8
Armor: Robe              ||     1
Dodge: Dodged            ||    25
